 Dungeon Crawl Stone Soup version 0.29.0-4-gdea44cf6ec (webtiles) character file.

Game seed: 15176001230249248609

8 qw the Firebug (level 2, -1/23 HPs)
             Began as a Ghoul Fire Elementalist on Aug 29, 2022.
             Slain by a jackal (2 damage)
             ... on level 1 of the Dungeon.
             The game lasted 00:00:21 (572 turns).

qw the Firebug (Ghoul Fire Elementalist)             Turns: 572, Time: 00:00:21

Health: -1/23      AC:  2    Str: 11    XL:     2   Next: 8%
Magic:  3/3        EV: 12    Int: 10    God:
Gold:   0          SH:  0    Dex:  9    Spells: 3/4 levels left

rFire   . . .      SeeInvis .     - Unarmed
rCold   + . .      Faith    .   (no shield)
rNeg    + + +      Spirit   .   a - +0 robe
rPois   inf        Reflect  .   (no helmet)
rElec   .          Harm     .   (no cloak)
rCorr   .          Rampage  .   (no gloves)
Will    .....                   (no boots)
Stlth   ++........              (no amulet)
HPRegen 0.00/turn               (no ring)
MPRegen 0.08/turn               (no ring)

@: inhibited regen
A: claws 1, cold resistance 1, negative energy resistance 3, inhibited
regeneration, torment resistance 2, devour on kill
a: no special abilities


You were on level 1 of the Dungeon.
You visited 1 branch of the dungeon, and saw 1 of its levels.


Innate Abilities, Weirdness & Mutations

You are immune to poison.
You have sharp fingernails.
Your flesh is cold resistant. (rC+)
You are immune to negative energy. (rN+++)
You do not regenerate when monsters are visible.
You are immune to unholy pain and torment.
You thrive by killing the living.


   Skills:
 - Level 1.0 Fighting
 - Level 1.7 Dodging
 - Level 2.1 Stealth
 + Level 1.3 Unarmed Combat
 - Level 1.7 Spellcasting
 - Level 0.7 Conjurations
 - Level 2.4 Fire Magic


You had 3 spell levels left.
You knew the following spells:

 Your Spells              Type           Power      Damage    Failure   Level
a - Foxfire               Conj/Fire      16%        2x1d4     17%         1

Your spell library contained the following spells:

 Spells                   Type           Power      Damage    Failure   Level
 Scorch                   Fire           10%        2d5       19%         2
 Conjure Flame            Conj/Fire      4%         6-21      45%         3
 Inner Flame              Hex/Fire       3%         N/A       52%         3
 Flame Wave               Conj/Fire      4%         2d5       86%         4

Inventory:

Armour
 a - a +0 robe (worn)
Potions
 b - a potion of magic
 c - a potion of might {unknown}

Dungeon Overview and Level Annotations

Branches:
Dungeon (1/15)

Altars:


Message History

You closely miss the jackal. The jackal bites you.
You miss the jackal. The jackal bites you. The jackal closely misses you.
You scratch the jackal.
The jackal is almost dead.
The jackal misses you.
You scratch the jackal but do no damage.
The jackal is almost dead.
The jackal bites you but does no damage.
You closely miss the jackal.
The jackal is almost dead.
The jackal bites you but does no damage.
A jackal comes into view.
The jackal closely misses you.
You scratch the jackal.
You kill the jackal!
Your Fighting skill increases to level 1!
You have reached level 2!
You barely miss the jackal. The jackal barely misses you. x2
You scratch the jackal but do no damage.
You scratch the jackal.
The jackal is severely wounded.
The jackal barely misses you.
You scratch the jackal.
You kill the jackal!
You feel better. The jackal barely misses you.
You scratch the jackal but do no damage.
The jackal bites you.
You closely miss the jackal.
The jackal pauses to sniff the ground.
The jackal bites you.
You scratch the jackal but do no damage.
The jackal bites you. x2
You scratch the jackal.
The jackal is heavily wounded.
The jackal bites you.
You die...

.#+#.##.# ........#
........#######
........#.....#
........#.###.#
........#.#...#
.......g#.#.#########
#h#............
#@###.#.####### #.#
#.#...# #+#+
#.###.#.#.#
##.#.######.#...#.#.#
.....#......#.#####.#
#...........#.#.....#
............#.#.#####
............#.#.#
........#+#.#.#.#


You could see a jackal and a goblin.

Vanquished Creatures
  An endoplasm (D:1)
  A goblin (D:1)
  3 jackals (D:1)
  A bat (D:1)
  A frilled lizard (D:1)
7 creatures vanquished.

Notes
Turn   | Place    | Note
-------+----------+-------------------------------------------
     0 | D:1      | qw the Ghoul Fire Elementalist began the quest for the Orb.
     0 | D:1      | Reached XP level 1. HP: 14/14 MP: 2/2
     0 | D:1      | 0 ||| qw: Version: 0.1-a-90-g952f4b7
     0 | D:1      | 0 ||| qw: Game counter: 4053
     0 | D:1      | 0 ||| qw: Always use a shield: true
     0 | D:1      | 0 ||| qw: God list: Okawaru
     0 | D:1      | 0 ||| qw: Allow faded altars: false
     0 | D:1      | 0 ||| qw: Do Orc after D:15 true
     0 | D:1      | 0 ||| qw: Do second Lair branch before Depths: true
     0 | D:1      | 0 ||| qw: Lair rune preference: random
     0 | D:1      | 0 ||| qw: Plans: Normal
     0 | D:1      | 0 ||| PLANNING D:1-11
   395 | D:1      | Reached skill level 1 in Unarmed Combat
   557 | D:1      | 557 ||| Stepping ~*~*~tactically~*~*~ (outnumbered).
   565 | D:1      | Reached skill level 1 in Fighting
   565 | D:1      | Reached XP level 2. HP: 8/23 MP: 3/3
   571 | D:1      | HP: 3/23 [jackal (3)]
   571 | D:1      | HP: 1/23 [jackal (2)]
   572 | D:1      | Slain by a jackal

Levels and vault maps discovered:
D:1:      lightli_arrival_farm, layout_basic, serial_shops, nicolae_shop_stone

Skill      XL: |  1 |
---------------+----+-----
Unarmed Combat | 1 |  1.3
Fighting       | 1 |  1.0
Dodging        | |  1.7
Stealth        | |  2.1
Spellcasting   | |  1.7
Conjurations   | |  0.7
Fire Magic     | |  2.4

Action                   || total
-------------------------++-------
Melee: Unarmed           ||    50
Armor: Robe              ||    10
Dodge: Dodged            ||    36

Table legend:
 A = Non-vault XP
 B = Vault XP
 C = Vault XP percentage of total XP
 D = Non-vault monster count
 E = Vault monster count
 F = Vault count percentage of total count
                 A         B        C        D         E       F
            +---------+---------+-------+---------+---------+-------
      Total |      12 |       0 |   0.0 |       7 |       0 |   0.0
            +---------+---------+-------+---------+---------+-------
        D:1 |      12 |       0 |   0.0 |       7 |       0 |   0.0
            +---------+---------+-------+---------+---------+-------
